[ AOE2 MATCH · #508406572 ]
UnrankedWei vs Teutons
Player's team · LOSS
Rival team · WIN
[ REPLAY ANALYSIS · EXTRACTED FROM THE RECORDED GAME ]
Feudal
13:16
Castle
24:55
Imperial
—
| APM avg | 23.9 |
| APM peak | 38 |
| eAPM avg | 13.9 |
| Villagers / military | 60 / 39 |
Focus
⚔️ 31.1% · 🌾 68.9%
Archer ×28 · Unknown (1952) ×7 · Militia ×5 · Battering Ram ×3 · Skirmisher ×2 · Unknown (1949) ×2
Feudal
10:06
Castle
23:59
Imperial
—
| APM avg | 37.8 |
| APM peak | 67 |
| eAPM avg | 19.8 |
| Villagers / military | 106 / 35 |
Focus
⚔️ 34.0% · 🌾 66.0%
Archer ×15 · Militia ×7 · Battering Ram ×5 · Knight ×4 · Monk ×2 · Skirmisher ×2
Match map
Initial resources + every placement click. Lines = walls · curves = elevation contours. ◆ gold · ⬟ stone · ● berries · ✦ relic · ◌ wall gap
Your base· ✓ Closed at 24:55 · 0t walls · 3 gate(s)
moneymickey's base· ✓ Closed at 23:59 · 0t walls · 4 gate(s)
Smoothed initial terrain · ◌ = detected wall gap · hover for details
Inputs per minute
— 帝国的铁汉 - - moneymickey
Build order — 帝国的铁汉
First 150 of 173 actions detected
| 0:02 | Build | House |
| 0:04 | Build | House |
| 0:04 | Queue | Villager (Male) |
| 0:04 | Queue | Villager (Male) |
| 0:05 | Queue | Villager (Male) |
| 0:05 | Queue | Villager (Male) |
| 1:30 | Queue | Villager (Male) |
| 1:48 | Build | Lumber Camp |
| 2:05 | Queue | Villager (Male) |
| 2:19 | Queue | Villager (Male) |
| 2:46 | Queue | Villager (Male) |
| 3:20 | Queue | Villager (Male) |
| 3:31 | Build | House |
| 3:38 | Queue | Villager (Male) |
| 4:04 | Queue | Villager (Male) |
| 4:29 | Queue | Villager (Male) |
| 4:33 | Build | House |
| 4:59 | Queue | Villager (Male) |
| 5:02 | Build | Barracks |
| 5:16 | Queue | Villager (Male) |
| 5:47 | Queue | Militia |
| 5:51 | Queue | Villager (Male) |
| 5:59 | Build | Mill |
| 6:10 | Queue | Militia |
| 6:23 | Queue | Villager (Male) |
| 6:38 | Build | House |
| 6:43 | Queue | Militia |
| 6:57 | Queue | Villager (Male) |
| 7:10 | Build | House |
| 7:25 | Queue | Villager (Male) |
| 7:27 | Queue | Militia |
| 7:37 | Build | House |
| 7:47 | Build | Farm |
| 8:04 | Queue | Villager (Male) |
| 8:07 | Queue | Militia |
| 8:11 | Queue | Villager (Male) |
| 8:14 | Build | Farm |
| 8:17 | Build | Farm |
| 8:21 | Build | Farm |
| 8:25 | Build | Farm |
| 8:44 | Queue | Villager (Male) |
| 8:44 | Queue | Villager (Male) |
| 9:05 | Queue | Villager (Male) |
| 9:07 | Build | Mining Camp |
| 9:24 | Build | Farm |
| 9:25 | Queue | Villager (Male) |
| 9:55 | Build | Farm |
| 10:08 | Build | Farm |
| 10:34 | Research | Loom |
| 11:06 | Research | Feudal Age |
| 12:05 | Queue | Villager (Male) |
| 12:11 | Build | Farm |
| 12:30 | Queue | Villager (Male) |
| 13:16 | Age | Feudal Age |
| 13:17 | Research | Man-at-Arms (upgrade) |
| 13:29 | Build | Archery Range |
| 13:32 | Build | Blacksmith |
| 13:36 | Research | Double-Bit Axe |
| 13:41 | Research | Horse Collar |
| 13:44 | Research | Gold Mining |
| 14:14 | Queue | Villager (Male) |
| 14:15 | Queue | Villager (Male) |
| 14:22 | Build | House |
| 14:33 | Research | Stone Mining |
| 14:34 | Queue | Archer |
| 14:35 | Queue | Archer |
| 14:43 | Build | House |
| 14:58 | Research | Fletching |
| 15:03 | Build | House |
| 15:12 | Queue | Archer |
| 15:18 | Build | Watch Tower |
| 15:26 | Queue | Archer |
| 15:34 | Queue | Villager (Male) |
| 15:42 | Build | Mining Camp |
| 15:44 | Queue | Villager (Male) |
| 15:51 | Queue | Villager (Male) |
| 16:17 | Build | Archery Range |
| 16:27 | Research | Padded Archer Armor |
| 16:29 | Queue | Villager (Male) |
| 16:54 | Queue | Villager (Male) |
| 16:55 | Queue | Villager (Male) |
| 17:01 | Queue | Archer |
| 17:13 | Queue | Skirmisher |
| 17:13 | Queue | Skirmisher |
| 17:17 | Queue | Villager (Male) |
| 17:21 | Build | Farm |
| 17:24 | Build | Farm |
| 17:24 | Queue | Villager (Male) |
| 17:33 | Queue | Villager (Male) |
| 18:08 | Queue | Archer |
| 18:09 | Queue | Archer |
| 18:21 | Build | Farm |
| 18:22 | Queue | Villager (Male) |
| 18:28 | Build | House |
| 18:32 | Queue | Villager (Male) |
| 18:35 | Queue | Archer |
| 18:36 | Queue | Archer |
| 18:43 | Research | Wheelbarrow |
| 18:45 | Queue | Villager (Male) |
| 18:51 | Queue | Villager (Male) |
| 19:02 | Build | Farm |
| 19:37 | Queue | Villager (Male) |
| 19:57 | Build | Watch Tower |
| 20:14 | Queue | Archer |
| 20:14 | Queue | Archer |
| 20:50 | Build | Farm |
| 20:52 | Build | Farm |
| 21:11 | Queue | Archer |
| 21:11 | Queue | Archer |
| 21:15 | Queue | Archer |
| 22:01 | Queue | Archer |
| 22:01 | Queue | Archer |
| 22:15 | Research | Castle Age |
| 22:16 | Queue | Villager (Male) |
| 22:16 | Queue | Villager (Male) |
| 22:34 | Build | Watch Tower |
| 22:56 | Build | Archery Range |
| 23:37 | Build | Lumber Camp |
| 24:10 | Queue | Archer |
| 24:10 | Queue | Archer |
| 24:19 | Queue | Archer |
| 24:19 | Queue | Archer |
| 24:28 | Build | Stable |
| 24:55 | Age | Castle Age |
| 24:55 | Build | House |
| 24:57 | Queue | Unit 1952 |
| 24:58 | Queue | Unit 1952 |
| 25:02 | Build | Castle |
| 25:15 | Queue | Villager (Male) |
| 25:15 | Queue | Villager (Male) |
| 25:45 | Queue | Villager (Male) |
| 25:45 | Queue | Villager (Male) |
| 26:02 | Queue | Villager (Male) |
| 26:03 | Queue | Villager (Male) |
| 26:24 | Build | Market |
| 26:26 | Build | Lumber Camp |
| 26:45 | Research | Crossbowman (upgrade) |
| 27:20 | Research | Bodkin Arrow |
| 27:41 | Queue | Villager (Male) |
| 27:47 | Research | Tech 1061 |
| 27:49 | Queue | Archer |
| 27:49 | Queue | Archer |
| 27:53 | Queue | Unit 1952 |
| 27:53 | Queue | Unit 1952 |
| 27:54 | Queue | Unit 1952 |
| 28:02 | Queue | Villager (Male) |
| 28:19 | Queue | Unit 1949 |
| 28:23 | Queue | Archer |
| 28:23 | Queue | Archer |
| 28:28 | Build | Siege Workshop |
Build order — moneymickey
First 150 of 221 actions detected
| 0:01 | Queue | Villager (Male) |
| 0:01 | Queue | Villager (Male) |
| 0:02 | Build | House |
| 0:04 | Build | House |
| 0:08 | Queue | Villager (Male) |
| 0:08 | Queue | Villager (Male) |
| 1:31 | Queue | Villager (Male) |
| 2:01 | Queue | Villager (Male) |
| 2:03 | Build | Lumber Camp |
| 2:18 | Queue | Villager (Male) |
| 2:39 | Queue | Villager (Male) |
| 3:08 | Queue | Villager (Male) |
| 3:29 | Build | House |
| 3:38 | Queue | Villager (Male) |
| 3:44 | Queue | Villager (Male) |
| 4:17 | Build | Mill |
| 4:26 | Queue | Villager (Male) |
| 4:49 | Queue | Villager (Male) |
| 5:06 | Queue | Villager (Male) |
| 5:09 | Build | House |
| 5:34 | Queue | Villager (Male) |
| 5:40 | Queue | Villager (Male) |
| 6:04 | Queue | Villager (Male) |
| 6:24 | Queue | Villager (Male) |
| 6:45 | Build | Barracks |
| 6:53 | Research | Loom |
| 7:40 | Build | Mining Camp |
| 7:55 | Research | Feudal Age |
| 7:59 | Build | House |
| 8:07 | Queue | Militia |
| 8:10 | Queue | Militia |
| 8:32 | Queue | Militia |
| 8:54 | Build | House |
| 8:55 | Queue | Militia |
| 9:32 | Build | Farm |
| 9:34 | Build | Farm |
| 9:43 | Queue | Militia |
| 9:48 | Queue | Villager (Male) |
| 10:06 | Age | Feudal Age |
| 10:12 | Research | Man-at-Arms (upgrade) |
| 10:20 | Queue | Villager (Male) |
| 10:25 | Build | Farm |
| 10:26 | Build | Farm |
| 10:36 | Queue | Villager (Male) |
| 11:02 | Build | Mining Camp |
| 11:02 | Queue | Villager (Male) |
| 11:19 | Queue | Villager (Male) |
| 11:23 | Queue | Villager (Male) |
| 11:36 | Queue | Villager (Male) |
| 11:44 | Build | House |
| 11:54 | Queue | Villager (Male) |
| 12:13 | Queue | Villager (Male) |
| 12:21 | Build | House |
| 12:29 | Queue | Villager (Male) |
| 12:34 | Build | Farm |
| 12:35 | Build | Farm |
| 12:56 | Queue | Villager (Male) |
| 12:59 | Build | Farm |
| 13:00 | Build | Farm |
| 13:12 | Build | Farm |
| 13:17 | Queue | Villager (Male) |
| 13:23 | Queue | Militia |
| 13:30 | Build | Archery Range |
| 13:38 | Queue | Militia |
| 14:06 | Queue | Villager (Male) |
| 14:11 | Queue | Villager (Male) |
| 14:16 | Build | House |
| 14:28 | Research | Double-Bit Axe |
| 14:29 | Queue | Villager (Male) |
| 14:33 | Build | House |
| 14:34 | Build | House |
| 14:41 | Queue | Villager (Male) |
| 14:46 | Build | Watch Tower |
| 14:47 | Queue | Archer |
| 14:47 | Queue | Archer |
| 14:53 | Queue | Villager (Male) |
| 15:12 | Queue | Villager (Male) |
| 15:15 | Queue | Archer |
| 15:21 | Queue | Villager (Male) |
| 15:44 | Queue | Villager (Male) |
| 15:46 | Queue | Archer |
| 15:46 | Queue | Archer |
| 15:47 | Queue | Villager (Male) |
| 15:55 | Research | Town Watch |
| 15:56 | Queue | Villager (Male) |
| 16:08 | Build | Blacksmith |
| 16:19 | Build | Watch Tower |
| 16:21 | Queue | Villager (Male) |
| 16:22 | Queue | Villager (Male) |
| 16:24 | Research | Horse Collar |
| 16:24 | Queue | Villager (Male) |
| 16:45 | Build | House |
| 16:48 | Research | Fletching |
| 17:02 | Queue | Villager (Male) |
| 17:14 | Research | Padded Archer Armor |
| 17:16 | Queue | Archer |
| 17:16 | Queue | Archer |
| 17:19 | Queue | Villager (Male) |
| 17:22 | Build | Farm |
| 17:25 | Build | Farm |
| 17:26 | Build | Farm |
| 17:26 | Queue | Villager (Male) |
| 17:59 | Build | Watch Tower |
| 18:05 | Queue | Archer |
| 18:05 | Queue | Archer |
| 18:09 | Queue | Villager (Male) |
| 18:23 | Queue | Villager (Male) |
| 18:24 | Queue | Villager (Male) |
| 18:27 | Queue | Villager (Male) |
| 18:35 | Queue | Archer |
| 18:51 | Build | Watch Tower |
| 19:01 | Queue | Villager (Male) |
| 19:08 | Build | Farm |
| 19:09 | Build | Farm |
| 19:10 | Build | Farm |
| 20:16 | Queue | Archer |
| 20:16 | Queue | Archer |
| 20:51 | Queue | Villager (Male) |
| 20:51 | Queue | Villager (Male) |
| 20:52 | Queue | Villager (Male) |
| 20:52 | Queue | Villager (Male) |
| 21:19 | Research | Castle Age |
| 21:34 | Queue | Archer |
| 21:38 | Build | House |
| 21:41 | Research | Gold Mining |
| 21:42 | Queue | Villager (Male) |
| 21:51 | Build | Mill |
| 21:53 | Build | Farm |
| 21:53 | Build | Farm |
| 21:53 | Build | Farm |
| 21:53 | Build | Farm |
| 21:54 | Build | Farm |
| 21:57 | Research | Stone Mining |
| 22:08 | Queue | Archer |
| 22:10 | Queue | Villager (Male) |
| 22:31 | Queue | Villager (Male) |
| 22:36 | Build | House |
| 23:08 | Build | House |
| 23:14 | Queue | Archer |
| 23:20 | Queue | Villager (Male) |
| 23:20 | Queue | Villager (Male) |
| 23:35 | Build | Stable |
| 23:57 | Build | Stable |
| 23:59 | Age | Castle Age |
| 24:03 | Research | Bodkin Arrow |
| 24:04 | Queue | Villager (Male) |
| 24:06 | Build | Farm |
| 24:17 | Research | Bow Saw |
| 24:18 | Research | Heavy Plow |
| 24:19 | Queue | Villager (Male) |
Match timeline
| 5:02 | 帝国的铁汉 · first_building Barracks |
| 6:45 | moneymickey · first_building Barracks |
| 10:06 | moneymickey · age_up feudal |
| 13:16 | 帝国的铁汉 · age_up feudal |
| 13:29 | 帝国的铁汉 · first_building Archery Range |
| 13:30 | moneymickey · first_building Archery Range |
| 23:35 | moneymickey · first_building Stable |
| 23:59 | moneymickey · age_up castle |
| 24:28 | 帝国的铁汉 · first_building Stable |
| 24:42 | moneymickey · first_building Castle |
| 24:55 | 帝国的铁汉 · age_up castle |
| 25:02 | 帝国的铁汉 · first_building Castle |
| 27:11 | moneymickey · first_building Siege Workshop |
| 27:15 | 帝国的铁汉 · first_market_sell 100 wood |
| 28:28 | 帝国的铁汉 · first_building Siege Workshop |
| 29:02 | moneymickey · first_building Monastery |
| 32:06 | 帝国的铁汉 · resign |
[ AI ANALYSIS · 1 CREDIT ]
What really happened in this match?
Wolo.gg analyzes every decision: build order, eco, micro, common mistakes by bracket. Personalized analysis on WhatsApp or Discord in 30 seconds.
Civ guide
Wei
Perfil
Jugador #10204378